 Dungeon Crawl Stone Soup version 0.31-a0-145-g046c7d2549 (webtiles) character file.

Game seed: 14101650722599288996

8162 qw the Skirmisher (level 11, -1/99 HPs)
             Began as a Minotaur Hunter on June 6, 2023.
             Was a Follower of Okawaru.
             Slain by a troll simulacrum (6 damage)
             ... on level 12 of the Dungeon.
             The game lasted 00:03:15 (7876 turns).

qw the Skirmisher (Minotaur Hunter)                 Turns: 7876, Time: 00:03:16

Health: -1/99      AC: 11    Str: 15    XL:     11   Next: 6%
Magic:  17/20      EV: 19    Int:  6    God:    Okawaru [*.....]
Gold:   406        SH:  0    Dex: 21    Spells: 10/10 levels left

rFire   . . .        c - +9 orcbow "Xeat" {flame, *Slow rElec Dex-3 SInv}
rCold   + + .        (shield currently unavailable)
rNeg    + . .        j - +0 ring mail
rPois   +            (helmet restricted)
rElec   +            g - +0 cloak
rCorr   .            (no gloves)
SInv    +            o - +2 pair of boots of the Endless Expanse {rC+ MP+9}
Will    .....        b - amulet of Ediopn {Faith rPois rC+ Dex+5}
Stlth   +++          a - ring of positive energy
HPRegen 0.36/turn    (no ring)
MPRegen 0.17/turn

%: slow self (1%), faith
@: about to teleport, heroic
A: horns 2, retaliatory headbutt, poison resistance, subdued magic 1
a: Renounce Religion, Heroism


You were on level 12 of the Dungeon.
You worshipped Okawaru.
Okawaru was aware of your devotion.
You visited 2 branches of the dungeon, and saw 13 of its levels.

You collected 559 gold pieces.
You spent 153 gold pieces at shops.


Innate Abilities, Weirdness & Mutations

You have a pair of horns on your head.
You reflexively headbutt those who attack you in melee.
Your system is resistant to poisons. (rPois)
Your spells are a little easier to cast, but a little less powerful.


   Skills:
 - Level 10.0(15.0) Fighting
 + Level 14.8(19.8) Ranged Weapons
 - Level 4.0(9.0) Armour
 - Level 7.1(12.1) Dodging
 - Level 0.7(5.7) Stealth
 + Level 1.5 Invocations


You had 10 spell levels left.
You didn't know any spells.
Your spell library was empty.

Inventory:

Hand Weapons
 c - the +9 orcbow "Xeat" (weapon) {flame, *Slow rElec Dex-3 SInv}
   (You bought it in a shop on level 4 of the Dungeon)

   Dex:       It affects your dexterity (-3).
   rElec:     It insulates you from electricity.
   SInv:      It lets you see invisible.
   *Slow:     It may slow you when you take damage.
Armour
 g - a +0 cloak (worn)
 j - a +0 ring mail (worn)
 o - the +2 pair of boots of the Endless Expanse (worn) {rC+ MP+9}
   (You acquired it on level 5 of the Dungeon)

   rC:        It protects you from cold.
   MP:        It affects your magic capacity (+9).
Jewellery
 a - a ring of positive energy (left hand)
 b - the amulet of Ediopn (around neck) {Faith rPois rC+ Dex+5}
   (You acquired it on level 3 of the Dungeon)

   [amulet of faith]

   It allows you to gain divine favour quickly.
   Dex:       It affects your dexterity (+5).
   rC:        It protects you from cold.
   rPois:     It protects you from poison.
Scrolls
 f - a scroll of brand weapon
 m - a scroll of enchant weapon
 n - a scroll of identify
 p - a scroll of teleportation
Potions
 d - 3 potions of curing
 e - a potion of haste
 h - 4 potions of mutation
 i - a potion of cancellation
 r - a potion of invisibility {unknown}
 s - a potion of lignification {unknown}
 t - 2 potions of might

Dungeon Overview and Level Annotations

Branches:
Dungeon (13/15)            Temple (1/1) D:6             Orc (0/2) D:9
   Lair: D:8-11      Vaults: D:13-14

Altars:
Ashenzari
Cheibriados
Dithmenos
Elyvilon
Fedhas
Gozag
Hepliaklqana
Kikubaaqudgha
Makhleb
Nemelex Xobeh
Okawaru
Qazlal
Ru
Sif Muna
Trog
Uskayaw
Vehumet
Wu Jian
Xom
Yredelemnul
Zin
The Shining One

Shops:
D:4 (:   D:5 (

Portals:
Ice
Cave: D:12

Annotations:
D:4 2 runed translucent doors, qw's ghost, amateur GrFi
D:6 3 runed translucent doors, qw's ghost, novice GrFi


Message History

The arrow completely misses the cane toad simulacrum.
The cane toad simulacrum hits you but does no damage.
You shoot an arrow.
The arrow hits the cane toad simulacrum!
The arrow melts the cane toad simulacrum.
The cane toad simulacrum vaporises!
Okawaru accepts your kill. The troll simulacrum bites you.
The troll simulacrum freezes you. You resist. The troll simulacrum claws you.
The troll simulacrum freezes you. You resist.
The troll simulacrum closely misses you.
The naga simulacrum misses you.
The naga simulacrum completely misses you.
7873 ||| READING 2 scrolls of teleportation.
As you read the scroll of teleportation, it crumbles to dust.
You feel strangely unstable.
The troll simulacrum bites you but does no damage.
The troll simulacrum misses you.
The troll simulacrum claws you but does no damage.
7874 ||| DRINKING potion of heal wounds.
You feel much better.
The naga simulacrum hits you but does no damage.
The naga simulacrum closely misses you. x2; The naga simulacrum grabs you.
The naga simulacrum constricts you.
The troll simulacrum bites you but does no damage.
The troll simulacrum closely misses you.
The troll simulacrum barely misses you.
You shoot an arrow. The arrow hits the naga simulacrum!
The arrow melts the naga simulacrum.
The naga simulacrum is almost destroyed.
The naga simulacrum hits you! The naga simulacrum freezes you. You resist.
The naga simulacrum constricts you. The naga simulacrum misses you.
You furiously retaliate!
You headbutt the naga simulacrum. You shoot an arrow.
The arrow hits the naga simulacrum.
The arrow melts the naga simulacrum.
The naga simulacrum vaporises!
Okawaru accepts your kill. The troll simulacrum bites you.
The troll simulacrum freezes you. You resist. The troll simulacrum claws you.
The troll simulacrum freezes you. You resist. The troll simulacrum claws you.
The troll simulacrum freezes you. You resist.
You die...

+ ##..
####+#### ....
........##..##
$............#
...........$.##
.......@0......
#######ZZ......
#......\.
#........
#........
#........
#......##
#......#


You could see a naga simulacrum and a troll simulacrum.

Vanquished Creatures
  Erica (D:8)
  2 two-headed ogres
  Pikel (D:5)
  A troll (D:12)
  3 hornets
  3 shadows
  A wraith (D:9)
  Sigmund (D:5)
  Eustachio (D:5)
  A basilisk (D:12)
  A yak (D:10)
  A steam dragon (D:7)
  2 water moccasins
  A sky beast (D:7)
  An ice beast (D:6)
  4 orc warriors
  A black bear (D:8)
  An ogre (D:5)
  3 centaurs
  3 lemures (D:5)
  2 kobold brigands
  4 phantoms
  6 bullfrogs
  4 scorpions
  2 cane toad simulacra (D:12)
  3 wights (D:9)
  A killer bee (D:5)
  3 electric eels (D:6)
  2 howler monkeys (D:9)
  A jelly (D:5)
  2 hounds (D:6)
  4 orc priests
  2 gnoll boudas
  A sleepcap (D:5)
  Natasha (D:2)
  Terence (D:2)
  6 iguanas
  9 orc wizards
  A spriggan simulacrum (D:12)
  A polar bear simulacrum (D:12)
  Robin (D:2)
  9 gnolls
  2 naga simulacra (D:12)
  8 adders
  A shadow imp (D:6)
  3 white imps
  An ufetubus (D:5)
  A worm (D:2)
  A dart slug (D:3)
  35 orcs
  11 endoplasms
  A giant cockroach (D:1)
  24 goblins
  11 hobgoblins
  19 kobolds
  5 quokkas
  3 ball pythons
  4 bats
  6 frilled lizards
  A goblin skeleton (D:3)
  3 hobgoblin zombies (D:3)
  A kobold skeleton (D:3)
  2 orc zombies (D:3)
  4 rats
246 creatures vanquished.

Vanquished Creatures (others)
  An ufetubus (D:6)
1 creature vanquished.

Grand Total: 247 creatures vanquished

Notes
Turn   | Place    | Note
-------+----------+-------------------------------------------
     0 | D:1      | qw the Minotaur Hunter began the quest for the Orb.
     0 | D:1      | Reached XP level 1. HP: 18/18 MP: 0/0
     0 | D:1      | 0 ||| qw: Version: 0.2-a-117-gc6b5c8b
     0 | D:1      | 0 ||| qw: Game counter: 2398
     0 | D:1      | 0 ||| qw: Always use a shield: true
     0 | D:1      | 0 ||| qw: God list: Okawaru
     0 | D:1      | 0 ||| qw: Allow faded altars: false
     0 | D:1      | 0 ||| qw: Do Orc after D:15 true
     0 | D:1      | 0 ||| qw: Do second Lair branch before Depths: true
     0 | D:1      | 0 ||| qw: Lair rune preference: random
     0 | D:1      | 0 ||| qw: Plans: Normal
     0 | D:1      | 0 ||| PLANNING D:1-11
   126 | D:1      | Reached XP level 2. HP: 25/25 MP: 1/1
   158 | D:1      | Reached skill level 5 in Ranged Weapons
   255 | D:1      | Reached skill level 3 in Fighting
   497 | D:1      | Reached XP level 3. HP: 31/31 MP: 2/2
   589 | D:1      | 589 ||| UPGRADING to amulet of regeneration.
   594 | D:1      | 594 ||| DROPPING ring of magical power.
   595 | D:1      | 595 ||| READING scroll labelled GAIGUY GAMUEJ.
   596 | D:1      | 596 ||| READING scroll labelled ANTOMU BEMMIUGUVU.
   597 | D:1      | 597 ||| DRINKING 2 fuming cyan potions.
   597 | D:1      | Gained mutation: Your spells are a little easier to cast,
                  | but a little less powerful. [potion of mutation]
   597 | D:1      | Gained mutation: Your system is resistant to poisons.
                  | (rPois) [potion of mutation]
   598 | D:1      | 598 ||| DROPPING scroll of butterflies.
   834 | D:2      | Noticed Terence
   847 | D:2      | Killed Terence
   848 | D:2      | Reached skill level 6 in Ranged Weapons
   848 | D:2      | Reached XP level 4. HP: 21/38 MP: 3/3
   919 | D:2      | Noticed Robin
   932 | D:2      | Killed Robin
   937 | D:2      | HP: 9/39 [hobgoblin[Robin] (3)]
   938 | D:2      | HP: 4/39 [hobgoblin[Robin] (5)]
  1263 | D:2      | 1263 ||| UPGRADING to +0 cloak.
  1278 | D:2      | 1278 ||| UPGRADING to ring of positive energy.
  1289 | D:2      | 1289 ||| READING scroll labelled FOFOTHR JOOSM.
  1318 | D:2      | Found a burning altar of Makhleb.
  1344 | D:2      | Reached skill level 1 in Armour
  1486 | D:2      | 1486 ||| READING scroll labelled BAGAES MURHA.
  1506 | D:3      | Noticed Natasha
  1511 | D:3      | 1511 ||| STAIRDANCE
  1515 | D:2      | Killed Natasha
  1516 | D:2      | Reached XP level 5. HP: 44/46 MP: 4/4
  1537 | D:3      | Found a glowing golden altar of the Shining One.
  1672 | D:3      | 1672 ||| SWAPPING to +0 orcbow.
  1673 | D:3      | 1673 ||| DROPPING +1 shortbow.
  2004 | D:3      | 2004 ||| UPGRADING to +0 ring mail.
  2014 | D:3      | 2014 ||| DROPPING +0 leather armour.
  2015 | D:3      | 2015 ||| READING scroll labelled VUSHES MIEFIEN.
  2016 | D:3      | 2016 ||| READING scroll labelled QECIWN GICWI.
  2016 | D:3      | Identified a scroll of acquirement
  2016 | D:3      | 2016 ||| ACQUIRING amulet of Ediopn {Faith rPois rC+ Dex+5}
  2016 | D:3      | Acquired the amulet of Ediopn {Faith rPois rC+ Dex+5}
  2018 | D:3      | 2018 ||| UPGRADING to amulet of Ediopn {Faith rPois rC+
                  | Dex+5}.
  2028 | D:3      | 2028 ||| DROPPING amulet of regeneration.
  2029 | D:3      | 2029 ||| READING scroll labelled TUHYVVEPSO.
  2030 | D:3      | 2030 ||| READING 2 scrolls labelled LEAD RAWEDO.
  2031 | D:3      | 2031 ||| DRINKING 2 metallic red potions.
  2032 | D:3      | 2032 ||| DRINKING 3 white potions.
  2033 | D:3      | 2033 ||| DROPPING 2 potions of degeneration.
  2034 | D:3      | 2034 ||| DROPPING scroll of fog.
  2113 | D:4      | Found Jumodih's Book Boutique.
  2155 | D:4      | Reached skill level 7 in Ranged Weapons
  2302 | D:4      | Noticed a phantom
  2308 | D:4      | Killed a phantom
  2309 | D:4      | Reached XP level 6. HP: 52/52 MP: 5/5
  2345 | D:4      | Found Maimpe's Antique Weapon Shop.
  2348 | D:4      | 2348 ||| BUYING translucent orcbow (153 gold).
  2348 | D:4      | Bought a translucent orcbow for 153 gold pieces
  2348 | D:4      | Identified the +9 orcbow "Xeat" {flame, *Slow rElec Dex-3
                  | SInv} (You bought it in a shop on level 4 of the Dungeon)
  2348 | D:4      | 2348 ||| SWAPPING to +9 orcbow "Xeat" {flame, *Slow rElec
                  | Dex-3 SInv}.
  2349 | D:4      | 2349 ||| DROPPING +0 orcbow.
  2398 | D:4      | Reached skill level 8 in Ranged Weapons
  2408 | D:4      | Found a runed translucent door.
  2417 | D:4      | Noticed qw's ghost (amateur GrFi)
  2517 | D:4      | Found a blossoming altar of Fedhas.
  2595 | D:4      | Found a runed translucent door.
  2724 | D:4      | 2724 ||| DRINKING 2 sedimented yellow potions.
  2731 | D:5      | Entered Level 5 of the Dungeon
  2789 | D:5      | 2789 ||| DROPPING +0 hand crossbow of freezing.
  2806 | D:5      | Found a sacrificial altar of Ru.
  2812 | D:5      | Found an opulent altar of Gozag.
  2839 | D:5      | Reached skill level 3 in Dodging
  2839 | D:5      | Reached XP level 7. HP: 59/59 MP: 6/6
  2920 | D:5      | Identified the +7 flail of Gageotag {holy, Will+ Int+2}
  2963 | D:5      | Reached skill level 9 in Ranged Weapons
  3029 | D:5      | Noticed Pikel
  3043 | D:5      | Killed Pikel
  3044 | D:5      | Reached XP level 8. HP: 47/74 MP: 7/7
  3044 | D:5      | 3044 ||| FLEEEEING.
  3045 | D:5      | 3045 ||| FLEEEEING.
  3046 | D:5      | 3046 ||| FLEEEEING.
  3047 | D:5      | 3047 ||| FLEEEEING.
  3048 | D:5      | 3048 ||| FLEEEEING.
  3049 | D:5      | 3049 ||| FLEEEEING.
  3050 | D:5      | 3050 ||| FLEEEEING.
  3051 | D:5      | 3051 ||| FLEEEEING.
  3052 | D:5      | 3052 ||| FLEEEEING.
  3053 | D:5      | 3053 ||| FLEEEEING.
  3054 | D:5      | 3054 ||| FLEEEEING.
  3055 | D:5      | 3055 ||| FLEEEEING.
  3056 | D:5      | 3056 ||| FLEEEEING.
  3057 | D:5      | 3057 ||| FLEEEEING.
  3058 | D:5      | 3058 ||| FLEEEEING.
  3059 | D:5      | 3059 ||| FLEEEEING.
  3060 | D:5      | 3060 ||| FLEEEEING.
  3061 | D:5      | 3061 ||| FLEEEEING.
  3062 | D:5      | 3062 ||| FLEEEEING.
  3063 | D:5      | 3063 ||| FLEEEEING.
  3064 | D:5      | 3064 ||| FLEEEEING.
  3065 | D:5      | 3065 ||| FLEEEEING.
  3066 | D:5      | 3066 ||| FLEEEEING.
  3067 | D:5      | 3067 ||| FLEEEEING.
  3068 | D:5      | 3068 ||| FLEEEEING.
  3069 | D:5      | 3069 ||| FLEEEEING.
  3070 | D:5      | 3070 ||| FLEEEEING.
  3070 | D:5      | Noticed Sigmund
  3071 | D:5      | 3071 ||| FLEEEEING.
  3072 | D:5      | 3072 ||| FLEEEEING.
  3073 | D:5      | 3073 ||| FLEEEEING.
  3074 | D:5      | 3074 ||| FLEEEEING.
  3075 | D:5      | 3075 ||| FLEEEEING.
  3076 | D:5      | 3076 ||| FLEEEEING.
  3077 | D:5      | 3077 ||| FLEEEEING.
  3078 | D:5      | 3078 ||| FLEEEEING.
  3079 | D:5      | 3079 ||| FLEEEEING.
  3080 | D:5      | 3080 ||| FLEEEEING.
  3081 | D:5      | 3081 ||| FLEEEEING.
  3082 | D:5      | 3082 ||| FLEEEEING.
  3083 | D:5      | 3083 ||| FLEEEEING.
  3084 | D:5      | 3084 ||| FLEEEEING.
  3085 | D:5      | 3085 ||| FLEEEEING.
  3086 | D:5      | 3086 ||| FLEEEEING.
  3087 | D:5      | 3087 ||| FLEEEEING.
  3088 | D:5      | 3088 ||| FLEEEEING.
  3089 | D:5      | 3089 ||| FLEEEEING.
  3090 | D:5      | 3090 ||| FLEEEEING.
  3091 | D:5      | 3091 ||| FLEEEEING.
  3092 | D:5      | 3092 ||| FLEEEEING.
  3093 | D:5      | 3093 ||| FLEEEEING.
  3094 | D:5      | 3094 ||| FLEEEEING.
  3095 | D:5      | 3095 ||| FLEEEEING.
  3096 | D:5      | 3096 ||| FLEEEEING.
  3098 | D:5      | 3098 ||| FLEEEEING.
  3099 | D:5      | 3099 ||| FLEEEEING.
  3100 | D:5      | 3100 ||| FLEEEEING.
  3101 | D:5      | 3101 ||| FLEEEEING.
  3102 | D:5      | 3102 ||| FLEEEEING.
  3103 | D:5      | 3103 ||| FLEEEEING.
  3104 | D:5      | 3104 ||| FLEEEEING.
  3113 | D:5      | Killed Sigmund
  3114 | D:5      | Reached skill level 10 in Ranged Weapons
  3153 | D:5      | Found Huidgh's Weapon Shop.
  3340 | D:5      | Identified the +3 tower shield "Quegyll" {SInv}
  3346 | D:5      | Noticed Eustachio
  3353 | D:5      | Killed Eustachio
  3690 | D:5      | 3690 ||| READING scroll of acquirement.
  3690 | D:5      | 3690 ||| ACQUIRING +2 pair of boots of the Endless Expanse
                  | {rC+ MP+9}
  3690 | D:5      | Acquired the +2 pair of boots of the Endless Expanse {rC+
                  | MP+9}
  3692 | D:5      | 3692 ||| UPGRADING to +2 pair of boots of the Endless
                  | Expanse {rC+ MP+9}.
  3778 | D:5      | Reached XP level 9. HP: 81/81 MP: 8/8
  3781 | D:5      | 3781 ||| DROPPING amulet of the acrobat.
  3782 | D:5      | 3782 ||| DROPPING ring of flight.
  3783 | D:5      | 3783 ||| READING scroll labelled OKYBAI XAXKI.
  3826 | D:6      | Reached skill level 3 in Armour
  3954 | D:6      | Found a runed translucent gate.
  3956 | D:6      | Found a runed translucent gate.
  3957 | D:6      | Found a runed translucent gate.
  3965 | D:6      | Noticed qw's ghost (novice GrFi)
  3991 | D:6      | Found a staircase to the Ecumenical Temple.
  3992 | D:6      | 3992 ||| PLANNING TEMPLE
  4001 | Temple   | Entered the Ecumenical Temple
  4111 | Temple   | 4111 ||| PLANNING D:1-11
  4156 | D:6      | Reached skill level 11 in Ranged Weapons
  4443 | D:6      | 4443 ||| DRINKING 2 murky dark potions.
  4444 | D:6      | 4444 ||| DROPPING potion of magic.
  4799 | D:6      | 4799 ||| DROPPING amulet of guardian spirit.
  4975 | D:7      | 4975 ||| Stepping ~*~*~tactically~*~*~ (outnumbered).
  4977 | D:7      | 4977 ||| Stepping ~*~*~tactically~*~*~ (outnumbered).
  4980 | D:7      | 4980 ||| Stepping ~*~*~tactically~*~*~ (outnumbered).
  5081 | D:7      | Found a glowing silver altar of Zin.
  5089 | D:7      | Found a flagged portal.
  5247 | D:7      | Reached skill level 12 in Ranged Weapons
  5502 | D:7      | Reached skill level 6 in Dodging
  5809 | D:7      | 5809 ||| READING scroll labelled ULUSHR PIXALICI.
  5810 | D:7      | 5810 ||| READING scroll labelled ZEFEANUREE.
  6058 | D:8      | Noticed Erica
  6058 | D:8      | Noticed a two-headed ogre
  6063 | D:8      | Killed a two-headed ogre
  6064 | D:8      | Reached skill level 13 in Ranged Weapons
  6064 | D:8      | Reached XP level 10. HP: 71/88 MP: 9/9
  6069 | D:8      | 6069 ||| DRINKING 4 potions of curing.
  6069 | D:8      | 6069 ||| (to cure confusion)
  6070 | D:8      | Killed Erica
  6071 | D:8      | Reached skill level 9 in Fighting
  6232 | D:8      | 6232 ||| Stepping ~*~*~tactically~*~*~ (outnumbered).
  6464 | D:8      | 6464 ||| READING scroll labelled CACROH ESEE.
  6465 | D:8      | 6465 ||| READING 4 scrolls of identify.
  6465 | D:8      | 6465 ||| IDENTIFYING fuming brown potion
  6466 | D:8      | 6466 ||| READING 3 scrolls of identify.
  6466 | D:8      | 6466 ||| IDENTIFYING bubbling blue potion
  6467 | D:8      | 6467 ||| READING 2 scrolls of identify.
  6467 | D:8      | 6467 ||| IDENTIFYING orange potion
  6468 | D:8      | 6468 ||| DROPPING potion of brilliance.
  6564 | D:9      | Found a staircase to the Orcish Mines.
  6590 | D:9      | Noticed a two-headed ogre
  6598 | D:9      | Killed a two-headed ogre
  6806 | D:9      | Reached skill level 14 in Ranged Weapons
  6812 | D:9      | 6812 ||| FLEEEEING.
  6813 | D:9      | 6813 ||| FLEEEEING.
  6814 | D:9      | 6814 ||| FLEEEEING.
  6817 | D:9      | 6817 ||| FLEEEEING.
  6818 | D:9      | 6818 ||| FLEEEEING.
  6819 | D:9      | 6819 ||| FLEEEEING.
  6820 | D:9      | 6820 ||| FLEEEEING.
  6821 | D:9      | 6821 ||| FLEEEEING.
  6822 | D:9      | 6822 ||| FLEEEEING.
  6823 | D:9      | 6823 ||| FLEEEEING.
  6868 | D:9      | Found a sparkling altar of Nemelex Xobeh.
  6991 | D:9      | Found a broken altar of Ashenzari.
  7054 | D:9      | Found a radiant altar of Vehumet.
  7244 | D:9      | Found an iron altar of Okawaru.
  7245 | D:9      | 7245 ||| PLANNING OKAWARU WORSHIP
  7245 | D:9      | 7245 ||| DRINKING 2 fizzy clear potions.
  7246 | D:9      | 7246 ||| DROPPING potion of enlightenment.
  7255 | D:9      | Became a worshipper of Warmaster Okawaru
  7255 | D:9      | 7255 ||| PLANNING D:1-11
  7568 | D:10     | Entered Level 10 of the Dungeon
  7634 | D:10     | 7634 ||| Stepping ~*~*~tactically~*~*~ (outnumbered).
  7638 | D:10     | 7638 ||| Stepping ~*~*~tactically~*~*~ (outnumbered).
  7668 | D:10     | 7668 ||| FLEEEEING.
  7669 | D:10     | 7669 ||| FLEEEEING.
  7670 | D:10     | 7670 ||| FLEEEEING.
  7671 | D:10     | 7671 ||| FLEEEEING.
  7672 | D:10     | 7672 ||| FLEEEEING.
  7673 | D:10     | 7673 ||| FLEEEEING.
  7681 | D:10     | 7681 ||| FLEEEEING.
  7682 | D:10     | 7682 ||| FLEEEEING.
  7683 | D:10     | 7683 ||| FLEEEEING.
  7684 | D:10     | 7684 ||| FLEEEEING.
  7685 | D:10     | 7685 ||| FLEEEEING.
  7686 | D:10     | 7686 ||| FLEEEEING.
  7698 | D:10     | Reached * piety under Okawaru
  7838 | D:10     | You fall into a shaft and drop 3 floors!
  7852 | D:12     | Found a frozen archway.
  7853 | D:12     | 7853 ||| INVOKING Heroism.
  7856 | D:12     | 7856 ||| DRINKING 2 potions of cancellation.
  7858 | D:12     | Reached XP level 11. HP: 85/99 MP: 10/10
  7862 | D:12     | Reached skill level 1 in Invocations
  7866 | D:12     | 7866 ||| INVOKING Heroism.
  7872 | D:12     | HP: 22/99 [troll simulacrum (6)]
  7873 | D:12     | 7873 ||| READING 2 scrolls of teleportation.
  7874 | D:12     | 7874 ||| DRINKING potion of heal wounds.
  7876 | D:12     | HP: 5/99 [troll simulacrum (6)]
  7876 | D:12     | Slain by a troll simulacrum

Levels and vault maps discovered:
D:1:      dpeg_arrival_ternary, layout_loops_ring
D:2:      layout_loops_corners, basic_altar, kennysheep_generic_room_8,
          uniq_robin, uniq_terence
D:3:      layout_basic, nicolae_tso_besieged_by_evil, kennysheep_potato,
          uniq_natasha
D:4:      layout_loops_ring, fedhas_altar_1, ebering_ghost_sewer_f,
          serial_shops, nicolae_shop_real_fake_doors,
          nicolae_shop_advertising_works [nicolae_subvault_shop_adworks]
D:5:      layout_basic, mainiacjoe_overflow_catwalk_spiral, serial_shops,
          nicolae_shop_waterfront, minmay_divided_ellipse, uniq_pikel,
          uniq_eustachio, uniq_sigmund
D:6:      layout_loops_corners, minmay_temple_entry_trees,
          gammafunk_ghost_split, serial_bayou_lake_a
D:7:      layout_basic, zin_statuary, enter_bailey_3
D:8:      layout_basic, reono_crystal_passage, uniq_erica
D:9:      layout_roguey, mainiacjoe_overflow_chevrons,
          mainiacjoe_overflow_boulevard, marbit_many_paths,
          nemelex_altar_shiori, orc_0_dummy
D:10:     layout_roguey [special_room_orc], erik_lair_orcish_takeover,
          kennysheep_generic_room_16
D:12:     layout_basic, portal_ice_cave_entry_ice_simulacra
D:13:     layout_roguey, kennysheep_small_circle
Temple:   dshaligram_water_room_temple

Skill      XL: |  1  2  3  4  5  6  7  8  9 10 11 |
---------------+----------------------------------+-----
Ranged Weapons | 5 6 7 8 9 10 13 14 | 14.8
Fighting       | 3 4 8 10 | 10.0
Armour         | 1 2 4 |  4.0
Dodging        | 3 4 6 7 |  7.1
Invocations    | 1 |  1.5
Stealth        | |  0.7

Action                     |  1- 3 |  4- 6 |  7- 9 | 10-12 || total
---------------------------+-------+-------+-------+-------++-------
   Fire: Shortbow          |    94 |   112 |       |       ||   206
         Orcbow            |       |    59 |   187 |   131 ||   377
 Invoke: Heroism           |       |       |       |     2 ||     2
    Use: Scroll            |     2 |     6 |     4 |     5 ||    17
         Potion            |     1 |     3 |     1 |     4 ||     9
 Armour: Leather armour    |     5 |    28 |       |       ||    33
         Ring mail         |       |    12 |    11 |    15 ||    38
  Dodge: Dodged            |    15 |    59 |    29 |    62 ||   165

Table legend:
 A = Non-vault XP
 B = Vault XP
 C = Vault XP percentage of total XP
 D = Non-vault monster count
 E = Vault monster count
 F = Vault count percentage of total count
                 A         B        C        D         E       F
            +---------+---------+-------+---------+---------+-------
      Total |    8083 |    3592 |  30.8 |     187 |      56 |  23.0
            +---------+---------+-------+---------+---------+-------
        D:1 |      43 |       0 |   0.0 |      27 |       0 |   0.0
        D:2 |      69 |     111 |  61.7 |      20 |      15 |  42.9
        D:3 |      39 |      19 |  32.8 |      12 |      10 |  45.5
        D:4 |     339 |       0 |   0.0 |      15 |       0 |   0.0
        D:5 |     497 |    1711 |  77.5 |      12 |      16 |  57.1
        D:6 |     695 |       0 |   0.0 |      22 |       0 |   0.0
        D:7 |    1274 |       7 |   0.5 |      17 |       4 |  19.0
        D:8 |    1393 |     836 |  37.5 |      16 |       1 |   5.9
        D:9 |    2617 |     133 |   4.8 |      27 |       1 |   3.6
       D:10 |     617 |     522 |  45.8 |      17 |       3 |  15.0
       D:12 |     500 |     253 |  33.6 |       2 |       6 |  75.0
            +---------+---------+-------+---------+---------+-------
